 Dungeon Crawl Stone Soup version 0.21-a0-320-gefad53e (webtiles) character file.

369 RKaid the Scratcher (level 6, -4/30 HPs)
             Began as a Felid Artificer on Sept 30, 2017.
             Slain by a killer bee (8 damage)
             ... on level 7 of the Dungeon.
             The game lasted 00:32:40 (9421 turns).

RKaid the Scratcher (Felid Artificer)               Turns: 9421, Time: 00:32:40

Health: -4/30      AC:  2    Str:  8    XL:     6   Next: 41%
Magic:  9/9        EV: 24    Int: 15    God:
Gold:   201        SH:  0    Dex: 21    Spells: 5/5 levels left
                                        Lives:  0   Deaths: 2

rFire    . . .     SeeInvis +     - Unarmed
rCold    . . .     Gourm    .   (shield unavailable)
rNeg     + . .     Faith    .   (armour unavailable)
rPois    .         Spirit   .   (helmet unavailable)
rElec    .         Reflect  .   (cloak unavailable)
rCorr    .         Harm     .   (gloves unavailable)
MR       +....                  (boots unavailable)
Stlth    ++++......             (no amulet)
HPRegen  0.10/turn              f - ring of protection from magic {MR+}
MPRegen  0.11/turn              k - ring of positive energy (curse) {rN+}

@: agile, lethally poisoned (-4 -> -7), quick
A: no armour, no weapons or thrown items, stealth, claws 1, fangs 3, see
invisible, carnivore 3, speed 1, shaggy fur 2, slow metabolism 1, sharp paws
a: no special abilities


You were on level 7 of the Dungeon.
You were not hungry.

You visited 1 branch of the dungeon, and saw 7 of its levels.

You collected 256 gold pieces.
You spent 55 gold pieces at shops.

Inventory:

Jewellery
 f - a ring of protection from magic (left paw) {MR+}
   (You found it on level 1 of the Dungeon)
 j - a +3 ring of intelligence
   (You found it on level 1 of the Dungeon)
 k - a cursed ring of positive energy (right paw) {rN+}
   (You found it on level 5 of the Dungeon)
Wands
 a - a wand of flame (0/48)
 b - a wand of enslavement (3/24)
 c - a wand of random effects (0/48)
 t - a wand of random effects (18/48)
   (You found it on level 3 of the Dungeon)
 x - a wand of lightning (0/15)
   (You found it on level 6 of the Dungeon)
Scrolls
 e - 3 scrolls of magic mapping {!r}
 g - a scroll of random uselessness {unknown}
 h - a scroll of vulnerability {unknown}
 i - 2 scrolls of identify
 l - 2 scrolls of enchant armour {unknown}
 o - a scroll of remove curse
 s - 4 scrolls of blinking {!r}
 u - 2 scrolls of teleportation {unknown}
Potions
 m - 2 potions of flight
Comestibles
 d - a meat ration
 p - a royal jelly


   Skills:
 + Level 5.1 Fighting
 - Level 3.3 Dodging
 - Level 3.4 Stealth
 * Level 6.8 Unarmed Combat
 - Level 3.2 Evocations


You had 5 spell levels left.
You didn't know any spells.

Dungeon Overview and Level Annotations

Branches:
Dungeon (7/15)             Temple (0/1) D:7

Altars:
Cheibriados
Elyvilon
Nemelex Xobeh
Ru
Uskayaw
Xom
The Shining One

Shops:
D:4 !   D:6 !

Annotations:
D:2 Sigmund
D:4 Edmund, Pikel
D:6 Tomek's ghost, novice DsFi
D:7 exclusion: jelly, Dowan; Duvessa


Innate Abilities, Weirdness & Mutations

You cannot wear armour.
You are incapable of wielding weapons or throwing items.
Your paws allow you to move quietly. (Stealth)
You have sharp claws.
You have razor-sharp teeth.
You have supernaturally acute eyesight. (SInv)
You are carnivorous and can eat meat at any time.
You cover ground quickly.
You are covered in thick fur. (AC +2)
You have a slow metabolism.
Your sharp claws are effective at attacking unaware monsters.


Message History

The centaur shoots an arrow.
The arrow completely misses you.
Things that are here:
an arrow; a quokka corpse You feel yourself speed up.
The worker ant barely misses you.
The jelly quivers.
There is a stone staircase leading up here.
You climb upwards.
Level annotation: Tomek's ghost, novice DsFi
There is a stone staircase leading down here.
A bullfrog is nearby!
Evoke which item? (* to show all) (? for menu, Esc to quit)
Aiming: Enslavement
Press: ? - help, Shift-Dir - straight line, f - bullfrog
Aim: a bullfrog (chance to defeat MR: 55%)
The bullfrog resists with significant effort.
This wand has 5 charges left.
Evoke which item? (* to show all) (? for menu, Esc to quit)
Aiming: Enslavement
Press: ? - help, Shift-Dir - straight line, f/p - bullfrog
Aim: a bullfrog (chance to defeat MR: 55%)
The bullfrog resists with significant effort.
This wand has 4 charges left.
Evoke which item? (* to show all) (? for menu, Esc to quit)
Aiming: Enslavement
Press: ? - help, Shift-Dir - straight line, f/p - bullfrog
Aim: a bullfrog (chance to defeat MR: 55%)
The bullfrog is charmed.
This wand has 3 charges left.
You swap places.
An orc comes into view. It is wielding a hand axe.
The orc shouts!
The orc misses you.
You claw the orc!
You kill the orc!
You see here a hand axe.
Your extra speed is starting to run out.
You feel yourself slow down. What are your orders? t - Meow!
Orders for allies: a - Attack new target. p - Attack previous target. r - Retreat! s - Stop attacking. g - Guard the area. f - Follow me.
Anything else - Cancel.
Retreat in which direction?
Press: ? - help, Dir - move target cursor, p - bullfrog Fall back!
The bullfrog is no longer charmed.
You start resting.
Save game and exit?
Level annotation: Tomek's ghost, novice DsFi Welcome back, RKaid the Felid Artificer.
Press ? for a list of commands and other information.
You open the door.
There is an open door here.
A hound comes into view.
The hound moves out of view.
The hound barks!
The hound is too close now for your liking.
You scratch the hound. The hound closely misses you.
You closely miss the hound. You bite the hound. The hound closely misses you.
You scratch the hound. The hound closely misses you.
You barely miss the hound. The hound bites you.
The hound bites you but does no damage.
You scratch the hound.
You kill the hound!
You see here a hound corpse.
You butcher the hound corpse.
h - a chunk of flesh Eating a chunk of flesh.
You eat the chunk of flesh.
This raw flesh tastes great.
h - a scroll labeled WEUNOR IVAN You now have 171 gold pieces (gained 6).
You now have 182 gold pieces (gained 11).
You now have enough gold to buy 2 potions of invisibility on this level, or buy 2 potions of magic on this level.
You can access your shopping list by pressing '$'.
You now have 201 gold pieces (gained 19).
n - a fuming emerald potion You open the door.
Found a stone staircase leading up.
You fall through a shaft!
The shaft crumbles and collapses.
Level annotation: exclusion: jelly, Dowan; Duvessa
Found a staircase to the Ecumenical Temple.
The killer bee buzzes angrily.
You closely miss the killer bee. The killer bee misses you. x2
You barely miss the killer bee. The killer bee stings you!
You are poisoned.
The killer bee poisons you! The killer bee barely misses you.
You barely miss the killer bee. Your claw misses the killer bee.
You feel sick. The killer bee misses you.
You claw the killer bee! You claw the killer bee. The killer bee misses you.
The killer bee stings you.
You scratch the killer bee.
You feel sick. The killer bee stings you. The killer bee misses you.
You closely miss the killer bee. Your bite misses the killer bee.
The killer bee barely misses you. The killer bee stings you.
* * * LOW HITPOINT WARNING * * *
It was a potion of agility.
You feel agile all of a sudden. The killer bee stings you!
You die...

#############
#≈≈§§≈≈≈≈≈§≈#
#≈§§≈≈≈≈≈≈≈≈#
#≈§≈§≈§§§≈§≈#
#≈≈§#####§§≈#
#§≈§#...############
#≈≈§#.y@...........##***
#≈≈§#...#####.##>....,,,
#§≈≈#####≈≈§#....#.##***
#§§≈≈≈§≈≈≈≈§#........,,,
#§≈≈§≈§≈≈≈≈≈#......##*##
#≈§§§§≈≈§≈≈≈#.##.######<
#############....#.o÷...
#.......#..#.#....
#...##.....#.#....


You could see a killer bee.

Vanquished Creatures
  2 sky beasts
  5 killer bees (D:7)
  A howler monkey (D:6)
  A crimson imp (D:7)
  A bullfrog zombie (D:5)
  A hound (D:6)
  An iguana (D:6)
  3 worker ants (D:4)
  A hound skeleton (D:7)
  A gnoll (D:1)
  14 adders
  A shadow imp (D:5)
  2 oozes
  An adder zombie (D:7)
  An adder skeleton (D:5)
  2 worms
  2 dart slugs
  6 leopard geckos
  5 orcs
  2 giant cockroaches
  10 goblins
  8 hobgoblins
  13 jackals
  6 quokkas
  8 ball pythons (D:4)
  10 bats
  3 frilled lizards
  6 kobolds
  A quokka skeleton (D:4)
  6 rats
124 creatures vanquished.

Vanquished Creatures (collateral kills)
  A jackal (D:3)
  A frilled lizard (D:1)
2 creatures vanquished.

Vanquished Creatures (others)
  2 jackals
  3 kobolds (D:1)
5 creatures vanquished.

Grand Total: 131 creatures vanquished

Notes
Turn   | Place    | Note
-------+----------+-------------------------------------------
     0 | D:1      | RKaid the Felid Artificer began the quest for the Orb.
     0 | D:1      | Reached XP level 1. HP: 9/9 MP: 4/4
   223 | D:1      | Reached skill level 2 in Stealth
   255 | D:1      | Reached skill level 3 in Dodging
   255 | D:1      | Reached XP level 2. HP: 12/12 MP: 5/5
   689 | D:1      | Reached XP level 3. HP: 15/15 MP: 6/6
   694 | D:1      | Reached skill level 2 in Unarmed Combat
  1196 | D:1      | Found a glowing golden altar of the Shining One.
  1286 | D:2      | Reached skill level 2 in Fighting
  1407 | D:2      | Found a faded altar of an unknown god.
  1433 | D:2      | Noticed Sigmund
  1614 | D:2      | Found a snail-covered altar of Cheibriados.
  1668 | D:2      | Reached XP level 4. HP: 12/19 MP: 7/7
  2362 | D:3      | Reached skill level 3 in Stealth
  2685 | D:3      | Reached skill level 3 in Unarmed Combat
  3248 | D:3      | Reached XP level 5. HP: 12/23 MP: 8/8
  4193 | D:4      | Noticed Edmund
  4234 | D:4      | Found a shimmering altar of Xom.
  4236 | D:4      | Found a white marble altar of Elyvilon.
  4236 | D:4      | Found a sparkling altar of Nemelex Xobeh.
  4238 | D:4      | Found a sacrificial altar of Ru.
  4238 | D:4      | Found a hide-covered altar of Uskayaw.
  4238 | D:4      | Found a white marble altar of Elyvilon.
  4762 | D:4      | Found Cebass's Distillery.
  4762 | D:4      | Noticed Pikel
  4762 | D:4      | Noticed a slave
  4762 | D:4      | Noticed a slave
  4762 | D:4      | Noticed a slave
  4762 | D:4      | Noticed a slave
  5667 | D:4      | Reached skill level 4 in Unarmed Combat
  5702 | D:4      | Reached skill level 3 in Fighting
  5975 | D:4      | Bought a potion of heal wounds for 55 gold pieces
  6000 | D:4      | Gained mutation: You are covered in thick fur. (AC +2) [Felid growth]
  6000 | D:4      | Reached XP level 6. HP: 28/28 MP: 9/9
  6224 | D:5      | Entered Level 5 of the Dungeon
  6455 | D:5      | HP: 7/28 [orc/hand axe of freezing (6)]
  6456 | D:5      | HP: 3/28 [orc/hand axe of freezing (1)]
  6878 | D:5      | Noticed a gargoyle
  6993 | D:5      | Noticed a sky beast
  7016 | D:5      | HP: 5/28 [sky beast (6)]
  7037 | D:5      | Killed a sky beast
  7037 | D:5      | Reached skill level 5 in Unarmed Combat
  7314 | D:5      | HP: 7/28 [bullfrog zombie (3)]
  7898 | D:5      | Noticed a sky beast
  8025 | D:6      | Found Goijaj's Distillery.
  8075 | D:6      | Noticed a sky beast
  8098 | D:6      | Killed a sky beast
  8098 | D:6      | Reached skill level 4 in Fighting
  8098 | D:6      | Reached XP level 7. HP: 32/32 MP: 10/10
  8223 | D:6      | Found a snail-covered altar of Cheibriados.
  8223 | D:6      | Noticed Tomek's ghost (novice DsFi)
  8342 | D:7      | HP: 8/32 [poisoned by a killer bee]
  8347 | D:7      | HP: 3/48 [poisoned by a killer bee]
  8349 | D:7      | HP: 1/48 [poisoned by a killer bee]
  8350 | D:7      | Succumbed to a killer bee's poison
  8351 | D:7      | Reached XP level 6. HP: 0/42 MP: 9/9
  8361 | D:7      | Reached skill level 6 in Unarmed Combat
  8371 | D:7      | HP: 4/29 [killer bee (6)]
  8381 | D:7      | HP: 8/43 [killer bee (5)]
  8386 | D:7      | HP: 6/43 [poisoned by a killer bee]
  8393 | D:7      | HP: 4/43 [poisoned by a killer bee]
  8400 | D:7      | HP: 1/29 [poisoned by a killer bee]
  8515 | D:7      | Reached XP level 7. HP: 31/33 MP: 10/10
  8689 | D:7      | Noticed Duvessa
  8710 | D:7      | HP: 8/33 [poisoned by an adder]
  8715 | D:7      | HP: 4/33 [poisoned by an adder]
  8721 | D:7      | HP: 1/33 [poisoned by an adder]
  8723 | D:7      | Succumbed to an adder's poison
  8724 | D:7      | Reached XP level 6. HP: 0/30 MP: 9/9
  8830 | D:7      | Reached skill level 5 in Fighting
  8838 | D:7      | Noticed Dowan
  8839 | D:7      | HP: 7/30 [centaur (8)]
  9390 | D:6      | You fall through a shaft!
  9408 | D:7      | Found a staircase to the Ecumenical Temple.
  9420 | D:7      | HP: 4/30 [killer bee (6)]
  9421 | D:7      | Slain by a killer bee

Vault maps used:
D:1:      roderic_crossed_star, st_stairs_6, tso_altar
D:2:      kennysheep_slug_shrine, first_bread,
          chequers_ecumenical_altar_simple_redux, uniq_sigmund
D:4:      doesnt_xom_only_xom, serial_shops, nicolae_shop_stone,
          minmay_snake_closets, uniq_pikel, uniq_edmund
D:6:      kb_forest_paths, serial_curves, eino_curves_04, eino_curves_02,
          basic_altar, serial_shops, nicolae_shop_behind_doors, uniq_menkaure
D:7:      minmay_temple_entry_poolview, uniq_duvessa

Skill      XL: |  1  2  3  4  5  6 |
---------------+-------------------+-----
Stealth        | 2 3 |  3.4
Dodging        | 3 |  3.3
Unarmed Combat | 2 3 4 6 |  6.8
Fighting       | 2 3 5 |  5.1
Evocations     | |  3.2

Action                   |  1- 3 |  4- 6 |  7- 9 || total
-------------------------+-------+-------+-------++-------
Melee: Unarmed           |    99 |   362 |    29 ||   490
       Bite              |     6 |    34 |     2 ||    42
       Punch             |       |     5 |       ||     5
Evoke: Wand              |    10 |    39 |     1 ||    50
  Use: Scroll            |     1 |     7 |     1 ||     9
       Potion            |       |     7 |     2 ||     9
 Stab: Sleeping          |     5 |    14 |     2 ||    21
       Confused          |       |     2 |       ||     2
  Eat: Chunk             |     9 |    14 |     2 ||    25
Armor: Skin              |     6 |    24 |     2 ||    32
Dodge: Dodged            |    81 |   293 |    19 ||   393

Table legend:
 A = Spawn XP
 B = Non-spawn XP
 C = Spawn XP percentage of total XP
 D = Spawn monster count
 E = Non-spawn monster count
 F = Spawn count percentage of total count
 G = Total turns spent on level
                    A         B        C        D         E        F      G
               +---------+---------+-------+---------+---------+-------+---------
         Total |       0 |    1332 |   0.0 |       0 |     126 |   0.0 |  9421
               +---------+---------+-------+---------+---------+-------+---------
           D:1 |       0 |      55 |   0.0 |       0 |      24 |   0.0 |  1239
           D:2 |       0 |      49 |   0.0 |       0 |      14 |   0.0 |  1029
           D:3 |       0 |     118 |   0.0 |       0 |      39 |   0.0 |  2202
           D:4 |       0 |     178 |   0.0 |       0 |      19 |   0.0 |  1973
           D:5 |       0 |     247 |   0.0 |       0 |      12 |   0.0 |  1496
           D:6 |       0 |     286 |   0.0 |       0 |       8 |   0.0 |  1016
           D:7 |       0 |     399 |   0.0 |       0 |      10 |   0.0 |   466
               +---------+---------+-------+---------+---------+-------+---------

Table legend:
 A = Turns spent in this place as a percentage of turns spent in the entire game.
 B = Non-inter-level travel turns spent in this place as a percentage of non-inter-level travel turns spent in the entire game.
 C = Inter-level travel turns spent in this place as a percentage of turns spent in this place.
 D = Turns resting spent in this place as a percentage of non-inter-level travel turns spent in this place.
 E = Turns spent auto-exploring this place as a percentage of non-inter-level travel turns spent in this place.
 F = Non-inter-level travel turns spent in this place divided by the number of levels of this place that you've seen.
                   A       B       C       D       E      F
               +-------+-------+-------+-------+-------+----------------------
         Total | 100.0 | 100.0 |   3.3 |  44.5 |  20.9 | 1301.7
       Dungeon | 100.0 | 100.0 |   3.3 |  44.5 |  20.9 | 1301.7
               +-------+-------+-------+-------+-------+----------------------

Table legend:
 A = Kills in this place as a percentage of kills in entire the game.
 B = Kills by you in this place as a percentage of kills by you in the entire game.
 C = Kills by friends in this place as a percentage of kills by friends in the entire game.
 D = Other kills in this place as a percentage of other kills in the entire game.
 E = Experience gained in this place as a percentage of experience gained in the entire game.
 F = Experience gained in this place divided by the number of levels of this place that you have seen.
                   A       B       C       D       E      F
               +-------+-------+-------+-------+-------+----------------------
         Total | 100.0 | 100.0 | 100.0 |   N/A | 100.0 | 190.3
       Dungeon | 100.0 | 100.0 | 100.0 |   N/A | 100.0 | 190.3
               +-------+-------+-------+-------+-------+----------------------
